 Dungeon Crawl Stone Soup version 0.29-a0-330-g52719c12eb (webtiles) character file.

Game seed: 5107143245657822910

77 kae the Firebug (level 4, -4/24 HPs)
             Began as a Tengu Fire Elementalist on Apr 14, 2022.
             Shot with an arrow by a centaur (5 damage)
             ... on level 3 of the Dungeon.
             The game lasted 00:01:10 (2692 turns).

kae the Firebug (Tengu Fire Elementalist)           Turns: 2692, Time: 00:01:11

Health: -4/24      AC:  2    Str:  9    XL:     4   Next: 33%
Magic:  2/8        EV: 12    Int: 17    God:
Gold:   106        SH:  0    Dex: 14    Spells: 2/8 levels left

rFire   . . .      SeeInvis .   j - +0 whip (venom)
rCold   . . .      Faith    .   (no shield)
rNeg    . . .      Spirit   .   a - +0 robe
rPois   +          Reflect  .   (helmet restricted)
rElec   .          Harm     .   (no cloak)
rCorr   .          Rampage  .   (no gloves)
Will    .....                   (boots unavailable)
Stlth   ++........              (no amulet)
HPRegen 0.08/turn               d - ring of poison resistance
MPRegen 0.11/turn               (no ring)

@: no status effects
A: beak, talons 3
a: no special abilities


You were on level 3 of the Dungeon.
You visited 1 branch of the dungeon, and saw 3 of its levels.

You collected 106 gold pieces.

Inventory:

Hand Weapons
 c - a +0 mace
 j - a +0 whip of venom (weapon)
Armour
 a - a +0 robe (worn)
Jewellery
 d - a ring of poison resistance (left hand)
 o - a ring of resist corrosion
Wands
 m - a wand of charming (8)
Scrolls
 f - a scroll of vulnerability
 k - a scroll of fear
 l - 2 scrolls of magic mapping {unknown}
Potions
 b - a potion of magic
 e - a potion of berserk rage
 g - a potion of heal wounds {unknown}
 h - a potion of curing {unknown}
 i - a potion of might {unknown}
 n - a potion of attraction {unknown}


   Skills:
 - Level 2.1 Dodging
 - Level 2.0 Stealth
 + Level 2.6 Spellcasting
 + Level 2.8 Conjurations
 * Level 4.5 Fire Magic


You had 2 spell levels left.
You knew the following spells:

 Your Spells              Type           Power      Damage    Failure   Level
a - Foxfire               Conj/Fire      56%        2x1d6     4%          1
b - Scorch                Fire           34%        2d7       4%          2
c - Conjure Flame         Conj/Fire      14%        6-21      12%         3

Your spell library contained the following spells:

 Spells                   Type           Power      Damage    Failure   Level
 Summon Small Mammal      Summ           8%         N/A       19%         1
 Inner Flame              Hex/Fire       10%        N/A       22%         3
 Ignite Poison            Fire/Tmut/Pois 7%         N/A       28%         3
 Dazzling Flash           Conj/Hex       14%        N/A       30%         3
 Mephitic Cloud           Conj/Pois/Air  5%         N/A       36%         3
 Flame Wave               Conj/Fire      14%        2d6       36%         4
 Call Canine Familiar     Summ           2%         N/A       50%         3
 Summon Guardian Golem    Hex/Summ       2%         N/A       50%         3
 Freezing Cloud           Conj/Ice/Air   2%         6-21      98%         5
 Agony                    Necr           2%         N/A       99%         5
 Silence                  Hex/Air        1%         N/A       99%         5


Dungeon Overview and Level Annotations

Branches:
Dungeon (3/15)

Altars:

Shops:
D:1 [[


Innate Abilities, Weirdness & Mutations

You have a beak for a mouth.
You have claws for feet.


Message History

The centaur is lightly wounded.
Casting: Foxfire (safe; 4% risk of failure)
Confirm with . or Enter, or press ? or * to list all spells.
You conjure some foxfire!
The foxfire hits the centaur but does no damage.
The centaur is lightly wounded.
The foxfire hits the centaur.
The centaur is moderately wounded.
The centaur wields a +0 shortbow.
The centaur shoots an arrow.
The arrow hits you.
Casting: Foxfire (safe; 4% risk of failure)
Confirm with . or Enter, or press ? or * to list all spells.
You conjure some foxfire!
The centaur shoots an arrow.
The arrow hits you.
An endoplasm comes into view.
The foxfire hits the ball python.
The ball python is moderately wounded.
The foxfire hits the centaur.
The centaur is heavily wounded.
Casting: Foxfire (safe; 4% risk of failure)
Confirm with . or Enter, or press ? or * to list all spells.
You conjure some foxfire!
The ball python misses you. The ball python barely misses you.
The centaur shoots an arrow.
The arrow hits you.
An endoplasm comes into view.
The foxfire hits the ball python.
You kill the ball python!
The foxfire hits the centaur but does no damage.
The centaur is heavily wounded.
The centaur shoots an arrow.
The arrow hits you!
* * * LOW HITPOINT WARNING * * *
The centaur shoots an arrow.
The arrow closely misses you.
Casting: Foxfire (safe; 4% risk of failure)
Confirm with . or Enter, or press ? or * to list all spells.
You conjure some foxfire!
The centaur shoots an arrow.
The arrow misses you.
The foxfire hits the endoplasm.
The endoplasm is severely wounded.
The foxfire hits the centaur but does no damage.
The centaur is heavily wounded.
The centaur shoots an arrow.
The arrow hits you.
You die...

##..........
##............
#.......#)..
#......##..#
##......##..#
#........#..####
#........#.....#
#.........ยง.##
#.#.....#.@..#
#.##...###.Jc#
..######
##..J).. ...#
....... ....
..#.... ....
.##.#.# .. # .
..


You could see a centaur and 2 endoplasms.

Vanquished Creatures
  3 adders
  2 dart slugs
  An orc (D:3)
  4 bats (D:1)
  An endoplasm (D:2)
  A giant cockroach (D:1)
  5 goblins
  6 hobgoblins
  2 quokkas
  4 ball pythons
  6 frilled lizards
  6 kobolds
  3 rats
44 creatures vanquished.

Vanquished Creatures (others)
  125 foxfires
125 creatures vanquished.

Grand Total: 169 creatures vanquished

Notes
Turn   | Place    | Note
-------+----------+-------------------------------------------
     0 | D:1      | kae the Tengu Fire Elementalist began the quest for the
                  | Orb.
     0 | D:1      | Reached XP level 1. HP: 10/10 MP: 4/4
   247 | D:1      | Reached XP level 2. HP: 9/15 MP: 0/6
   430 | D:1      | Found Gogaun's Armour Shop.
   679 | D:1      | Found Xiroa's Antique Armour Shop.
  1351 | D:2      | Reached skill level 4 in Fire Magic
  1351 | D:2      | Reached XP level 3. HP: 18/19 MP: 5/7
  1354 | D:2      | Learned a level 2 spell: Scorch
  1358 | D:2      | Learned a level 3 spell: Conjure Flame
  1884 | D:2      | Found a faded altar of an unknown god.
  2173 | D:2      | Reached XP level 4. HP: 24/24 MP: 5/8
  2682 | D:3      | Noticed a centaur
  2690 | D:3      | HP: 1/24 [centaur/arrow (7)]
  2692 | D:3      | Shot with an arrow by a centaur

Illustrated notes

Levels and vault maps discovered:
D:1:      scummos_arrival_hexagon, layout_loops_corners, serial_shops,
          nicolae_shop_crystal, shop, minmay_misc_feat_encased
D:2:      layout_basic, shapermc_ecumenical_altar_flowoftime
D:3:      layout_rooms, mainiacjoe_overflow_six_doors_small,
          columned_hall_lemuel, hangedman_decor_push,
          wad_floor_pattern_untrapped

Skill      XL: |  1  2 |
---------------+-------+-----
Conjurations   | 2 |  2.8
Fire Magic     | 4 |  4.5
Dodging        | |  2.1
Stealth        | |  2.0
Spellcasting   | |  2.6

Action                   |  1- 3 |  4- 6 || total
-------------------------+-------+-------++-------
Melee: Mace              |     7 |       ||     7
       Whip              |    19 |     7 ||    26
       Kick              |     6 |     2 ||     8
       Peck              |     3 |     2 ||     5
 Cast: Foxfire           |    65 |    17 ||    82
  Use: Scroll            |     3 |       ||     3
Armor: Robe              |     8 |     1 ||     9
Dodge: Dodged            |    36 |    10 ||    46

Table legend: (Time is in decaauts)
 A = Elapsed time spent in this place.
 B = Non-inter-level travel time spent in this place.
 C = Inter-level travel time spent in this place.
 D = Time resting spent in this place.
 E = Time spent auto-exploring this place.
 F = Levels seen in this place.
 G = Mean time per level.
                   A        B        C        D        E       F      G
               +--------+--------+--------+--------+--------+-----+--------+
         Total |   2695 |   2667 |     28 |      0 |   2334 |   3 |  898.3 |
       Dungeon |   2695 |   2667 |     28 |      0 |   2334 |   3 |  898.3 |
               +--------+--------+--------+--------+--------+-----+--------+

Top non-repeatable levels by time:
     D:1: 1324 daAuts
     D:2: 1217 daAuts
     D:3: 154 daAuts
